 Dungeon Crawl Stone Soup version 0.30.0-29-ga12c61a403 (webtiles) character file.

Game seed: 4473052687169992550

44149 seaoflcl the Severer (level 13, -4/117 HPs)
             Began as a Minotaur Fighter on June 10, 2023.
             Was a High Priest of Okawaru.
             Slain by Frances
             ... wielding a +0 scimitar
              (15 damage)
             ... on level 1 of the Swamp.
             The game lasted 00:40:55 (19287 turns).

seaoflcl the Severer (Minotaur Fighter)            Turns: 19287, Time: 00:40:56

Health: -4/117     AC: 20    Str: 30    XL:     13   Next: 94%
Magic:  12/12      EV:  9    Int:  5    God:    Okawaru [*****.]
Gold:   995        SH: 15    Dex:  7    Spells: 12/12 levels left

rFire   + + .        P - +1 hand axe (heavy)
rCold   . . .        S - +0 kite shield
rNeg    . . .        T - +0 plate armour
rPois   +            e - +2 hat {SInv}
rElec   +            Z - scarf "Wybak" {rC+ rF+, Slay+3}
rCorr   .            z - +2 pair of gloves "Xalinem" {rElec}
SInv    +            (no boots)
Will    .....        U - amulet of reflection Stlth
                     m - +6 ring of strength
HPRegen 0.39/turn    I - ring "Cuosoe" {Fire *Corrode +Blink rPois Dex-5 Slay+5}
MPRegen 0.13/turn

%: corrode self (3%), reflection
@: mighty, hasted, very quick
A: horns 2, retaliatory headbutt
a: Renounce Religion, Evoke Blink, Heroism, Finesse, Duel


You were on level 1 of the Swamp.
You worshipped Okawaru.
Okawaru was extremely pleased with you.
You visited 4 branches of the dungeon, and saw 17 of its levels.
You also visited: Bailey.

You collected 995 gold pieces.

Inventory:

Hand Weapons
 b - a +7 sling of freezing
 c - a +2 short sword of holy wrath
 A - a +2 trident of protection
 P - a +1 heavy hand axe (weapon)
Missiles
 k - 7 atropa-tipped darts (quivered)
 E - 4 boomerangs
 V - 2 curare-tipped darts
 W - 12 poisoned darts
 X - 5 throwing nets
Armour
 e - a +2 hat of see invisible (worn)
 u - the +0 kite shield "Xeodonu" {*Corrode +Blink Dex+5}
   (Okawaru gifted it to you on level 4 of the Lair of Beasts)

   Dex:       It affects your dexterity (+5).
   +Blink:    It lets you blink.
   *Corrode:  It may corrode you when you take damage.
 z - the +2 pair of gloves "Xalinem" (worn) {rElec}
   (Okawaru gifted it to you on level 1 of the Lair of Beasts)

   rElec:     It insulates you from electricity.
 S - a +0 kite shield (worn)
 T - a +0 plate armour (worn)
 Z - the scarf "Wybak" (worn) {rC+ rF+, Slay+3}
   (Okawaru gifted it to you on level 2 of the Lair of Beasts)

   Slay:      It affects your accuracy & damage with ranged weapons and melee
   (+3).
Jewellery
 m - a +6 ring of strength (left hand)
 o - a ring of protection from fire
 I - the ring "Cuosoe" (right hand) {Fire *Corrode +Blink rPois Dex-5 Slay+5}
   (You found it on level 7 of the Dungeon)

   [ring of fire]

   It enhances your fire magic.
   Dex:       It affects your dexterity (-5).
   Slay:      It affects your accuracy & damage with ranged weapons and melee
   (+5).
   rF:        It protects you from fire.
   rC:        It makes you vulnerable to cold.
   rPois:     It protects you from poison.
   +Blink:    It lets you blink.
   *Corrode:  It may corrode you when you take damage.
 K - a ring of willpower
 M - the ring "Zejycyc" {Fly rPois rC+ Slay-6}
   (You found it on level 8 of the Dungeon)

   [ring of flight]

   Slay:      It affects your accuracy & damage with ranged weapons and melee
   (-6).
   rC:        It protects you from cold.
   rPois:     It protects you from poison.
   Fly:       It grants you flight.
 U - an amulet of reflection (around neck)
Wands
 a - a wand of mindburst (11)
 p - a wand of flame (37)
 C - a wand of polymorph (6)
 Y - a wand of acid (5)
Scrolls
 j - 6 scrolls of blinking
 l - 2 scrolls of immolation
 r - 3 scrolls of fog
 s - 2 scrolls of enchant weapon {unknown}
 y - a scroll of amnesia {unknown}
 B - 2 scrolls of noise {unknown}
 D - 7 scrolls of teleportation
 H - 2 scrolls of brand weapon {unknown}
 J - 3 scrolls of enchant armour {unknown}
 L - a scroll of acquirement {unknown}
 O - 2 scrolls of poison
Potions
 f - 2 potions of magic
 g - 4 potions of cancellation
 i - 6 potions of flight
 n - 5 potions of curing
 q - a potion of brilliance {unknown}
 v - 2 potions of resistance
 w - a potion of lignification {unknown}
 F - 2 potions of attraction {unknown}
 G - 5 potions of mutation
 N - a potion of haste
 Q - 3 potions of invisibility
 R - 2 potions of berserk rage {unknown}


   Skills:
 + Level 11.8 Fighting
 + Level 15.2 Axes
 + Level 8.6 Throwing
 + Level 11.9 Armour
 + Level 6.1 Dodging
 + Level 12.0 Shields
 + Level 8.0 Evocations


You had 12 spell levels left.
You didn't know any spells.
Your spell library contained the following spells:

 Spells                   Type           Power      Damage    Failure   Level
 Magic Dart               Conj           0%         1d3       99%         1
 Shock                    Conj/Air       0%         1d3       99%         1
 Slow                     Hex            0%         N/A       99%         1
 Confusing Touch          Hex            0%         N/A       100%        3
 Mephitic Cloud           Conj/Pois/Air  0%         N/A       100%        3
 Swiftness                Air            0%         N/A       100%        3
 Vampiric Draining        Necr           0%         2d6       100%        3
 Airstrike                Air            0%         2d(0-16)  100%        4
 Storm Form               Tmut/Air       0%         N/A       100%        7
 Maxwell's Capacitive Co  Air            0%         ∞         100%        8
 Summon Small Mammal      Summ           Unusable   N/A       N/A         1
 Call Imp                 Summ           Unusable   N/A       N/A         2
 Call Canine Familiar     Summ           Unusable   N/A       N/A         3
 Summon Guardian Golem    Hex/Summ       Unusable   N/A       N/A         3
 Summon Lightning Spire   Summ/Air       Unusable   N/A       N/A         4

Dungeon Overview and Level Annotations

Branches:
Dungeon (10/15)            Temple (1/1) D:4            Lair (5/5) D:10
  Swamp (1/4) Lair:2        Snake (0/4) Lair:3        Slime (0/5) Lair:5
    Orc (0/2) D:9          Bailey (visited)

Altars:
Ashenzari
Cheibriados
Dithmenos
Elyvilon
Fedhas
Gozag
Hepliaklqana
Kikubaaqudgha
Makhleb
Nemelex Xobeh
Okawaru
Qazlal
Ru
Sif Muna
Trog
Uskayaw
Wu Jian
Xom
Yredelemnul
Zin
The Shining One
Jiyva

Portals:
Abyss: Lair:1
Trove: D:10 (give 6 scrolls of fog)

Annotations:
D:2 1 runed translucent door, Crazy Yiuf
D:6 2 transporters, lotum's ghost, novice DECj
D:9 exclusion: orange crystal statue
Lair:1 2 transporters, LynnLen's ghost, journeyman SpEn
Swamp:1 Frances


Innate Abilities, Weirdness & Mutations

You have a pair of horns on your head.
You reflexively headbutt those who attack you in melee.


Message History

The iron shot hits you!!! Frances hits you with a +0 scimitar!
The orange demon stings you but does no damage.
You block the orange demon's attack.
You barely miss Frances. You slice the orange demon!!
Frances screams a word of power!
The iron shot hits you!!!
* * * LOW HITPOINT WARNING * * *
The orange demon splashes around in the water. x2
Aiming: Duel (90% risk of failure)
Press: ? - help, Dir - move target, f/p - Frances
Aim: Frances, wielding a +0 scimitar and wearing a +0 ring mail (fast)
You fail to use your ability.
You block Frances's attack.
Frances says, "I will defeat you, of this I have no doubt!"
You block Frances's attack.
The orange demon splashes around in the water.
The orange demon barely misses you.
Okay, then.
You feel yourself speed up. Frances hits you with a +0 scimitar!
* * * LOW HITPOINT WARNING * * *
You block the orange demon's attack.
The orange demon splashes around in the water.
You feel very mighty all of a sudden.
Frances splashes around in the water.
You slice Frances!!
Frances is lightly wounded.
You slash the orange demon! Frances completely misses you.
The orange demon splashes around in the water. x2
You barely miss Frances. Your headbutt misses Frances.
Frances is lightly wounded.
You slash the orange demon! You block Frances's attack.
You slice Frances!! You headbutt Frances!
Frances is heavily wounded.
You slash the orange demon!
You kill the orange demon!
The orange demon disappears in a puff of smoke!
You block Frances's attack.
You slash Frances! You headbutt Frances.
Frances is severely wounded.
Frances hits you with a +0 scimitar!
You die...

♣~~~..[~~..♣♣♣♣~~.♣
♣.~§~~.~~~♣♣ ♣~.♣♣
♣.♣~.§..~♣♣ ♣~~.♣
♣♣..~[~~~♣♣ ♣♣~♣♣
♣~♣.~.†.♣♣ ♣♣~♣
♣♣~.~~~~†♣ ♣~~♣
♣..§!(...♣ ♣..♣
~~♣♣.~~§)~~.♣ ♣.~♣♣
......~@@~~.♣ ♣.~♣♣
~~.~~~~~.♣..♣ ♣~.♣.
~♣~~~.~.~~~♣♣ ♣~~..
~.~...~~...♣ ♣.♣.~
.~~.♣.~~.~~.♣ ♣.♣~~
..~..((.(..♣♣ ♣.~.~
.~~~.~~.~.~♣ ♣~~~♣
.~♣~~!.§♣.~) ♣♣..~♣
♣~~.♣♣


You could see Frances (fast).

Vanquished Creatures
  Gastronok (Lair:1)
  An azure jelly (Lair:4)
  Nessos (Lair:4)
  Josephine (Swamp:1)
  Harold (D:10)
  2 vault guards (Bailey)
  2 alligators (Swamp:1)
  A two-headed ogre (D:9)
  2 lindwurms
  A wolf spider (Lair:5)
  16 elephants
  7 black mambas
  An eye of devastation (Lair:5)
  Joseph (D:7)
  A guardian serpent (Lair:5)
  9 cane toads
  3 rime drakes
  12 komodo dragons
  A tyrant leech (Lair:2)
  3 polar bears (Lair:2)
  Prince Ribbit (Bailey)
  12 blink frogs
  4 slime creatures (Lair:4)
  A shadow (D:9)
  Sigmund (D:2)
  3 humans (Bailey)
  28 yaks
  6 wraiths
  7 wyverns
  4 basilisks
  Eustachio (D:4)
  4 redbacks (Lair:5)
  2 steam dragons (D:9)
  Menkaure (D:5)
  3 swamp worms
  Edmund (D:5)
  An acid dragon (D:9)
  A floating eye (Lair:5)
  22 water moccasins
  7 orc warriors
  2 black bears
  18 wolves
  4 centaurs
  2 kobold brigands
  17 bullfrogs
  A gnoll sergeant (D:10)
  5 scorpions
  3 electric eels (D:9)
  A howler monkey (D:10)
  8 hounds
  10 jellies
  3 gnoll boudas
  12 orc priests
  7 iguanas
  Ijyb (D:4)
  11 orc wizards
  Robin (D:4)
  20 gnolls
  7 adders
  A white imp (D:6)
  A worm (D:4)
  6 dart slugs
  43 orcs
  6 ball pythons
  5 bats
  15 endoplasms
  5 giant cockroaches
  12 goblins
  11 hobgoblins
  3 quokkas
  A frilled lizard (D:3)
  20 kobolds
  7 rats
446 creatures vanquished.

Vanquished Creatures (others)
  An orc wizard (D:9)
  An orc (D:9)
2 creatures vanquished.

Grand Total: 448 creatures vanquished

Notes
Turn   | Place    | Note
-------+----------+-------------------------------------------
     0 | D:1      | seaoflcl the Minotaur Fighter began the quest for the Orb.
     0 | D:1      | Reached XP level 1. HP: 19/19 MP: 0/0
   159 | D:1      | Reached XP level 2. HP: 22/27 MP: 1/1
   245 | D:1      | Reached skill level 3 in Axes
   572 | D:1      | Reached XP level 3. HP: 28/33 MP: 2/2
   881 | D:2      | Reached XP level 4. HP: 40/40 MP: 3/3
   966 | D:2      | Reached skill level 4 in Axes
  1310 | D:2      | Found a runed translucent door.
  1311 | D:2      | Noticed Crazy Yiuf
  1454 | D:2      | Noticed Sigmund
  1462 | D:2      | Killed Sigmund
  1463 | D:2      | Reached skill level 5 in Axes
  1463 | D:2      | Reached XP level 5. HP: 34/47 MP: 4/4
  1692 | D:3      | Found a stormy altar of Qazlal.
  1813 | D:3      | Found an ancient bone altar of Kikubaaqudgha.
  1919 | D:3      | Reached XP level 6. HP: 53/55 MP: 5/5
  2079 | D:3      | Reached skill level 5 in Shields
  2082 | D:3      | Reached skill level 5 in Armour
  2233 | D:3      | Reached skill level 5 in Fighting
  2834 | D:4      | Noticed Robin
  2855 | D:4      | Killed Robin
  2924 | D:4      | Reached skill level 6 in Axes
  2931 | D:4      | Reached XP level 7. HP: 31/61 MP: 6/6
  3043 | D:4      | Noticed Eustachio
  3076 | D:4      | Killed Eustachio
  3389 | D:4      | Found a staircase to the Ecumenical Temple.
  3424 | D:4      | Found a basalt altar of Yredelemnul.
  3424 | D:4      | Found a hazy altar of Hepliaklqana.
  3457 | Temple   | Entered the Ecumenical Temple
  3490 | Temple   | Became a worshipper of Warmaster Okawaru
  3543 | D:4      | Noticed Ijyb
  3552 | D:4      | Killed Ijyb
  3553 | D:4      | Reached skill level 7 in Axes
  3593 | D:4      | Found a sacrificial altar of Ru.
  3793 | D:5      | Entered Level 5 of the Dungeon
  3801 | D:5      | Noticed Menkaure
  3806 | D:5      | Killed Menkaure
  3843 | D:5      | Reached XP level 8. HP: 56/70 MP: 7/7
  3900 | D:5      | Reached skill level 1 in Throwing
  3900 | D:5      | Reached skill level 1 in Evocations
  3988 | D:5      | Noticed Edmund
  3989 | D:5      | Reached * piety under Okawaru
  4003 | D:5      | Killed Edmund
  4293 | D:5      | Reached skill level 8 in Axes
  4645 | D:6      | Found a transporter.
  4646 | D:6      | Noticed lotum's ghost (novice DECj)
  4661 | D:6      | Found a transporter.
  4708 | D:6      | Found a shimmering blue altar of Sif Muna.
  5152 | D:6      | Reached XP level 9. HP: 77/78 MP: 8/8
  5461 | D:7      | Identified the ring "Cuosoe" {Fire *Corrode +Blink rPois
                  | Dex-5 Slay+5}
  5488 | D:7      | Reached ** piety under Okawaru
  5819 | D:7      | Reached skill level 9 in Axes
  5861 | D:7      | Noticed Joseph
  5886 | D:7      | HP: 3/79 [Joseph/+0 quarterstaff (4)]
  5887 | D:7      | Killed Joseph
  6822 | D:8      | Identified the ring "Zejycyc" {Fly rPois rC+ Slay-6}
  7006 | D:9      | Found a glowing golden altar of the Shining One.
  7007 | D:9      | Found a white marble altar of Elyvilon.
  7008 | D:9      | Found a glowing silver altar of Zin.
  7100 | D:9      | Found a flagged portal.
  7116 | Bailey   | Entered a bailey
  7330 | Bailey   | Reached *** piety under Okawaru
  7331 | Bailey   | Reached skill level 10 in Axes
  7346 | Bailey   | Reached XP level 10. HP: 31/88 MP: 9/9
  7838 | Bailey   | Noticed Prince Ribbit
  7839 | Bailey   | Noticed a vault guard
  7850 | Bailey   | Killed Prince Ribbit
  7853 | Bailey   | Killed a vault guard
  8022 | Bailey   | Noticed a vault guard
  8046 | Bailey   | Killed a vault guard
  8046 | Bailey   | Reached **** piety under Okawaru
  8047 | Bailey   | Reached skill level 11 in Axes
  8360 | D:9      | Reached skill level 5 in Throwing
  8421 | D:9      | Noticed an orange crystal statue
  8843 | D:9      | Found a staircase to the Orcish Mines.
  9524 | D:9      | Received a gift from Okawaru
  9848 | D:9      | Noticed a two-headed ogre
  9855 | D:9      | Killed a two-headed ogre
  9856 | D:9      | Reached XP level 11. HP: 84/95 MP: 10/10
 10311 | D:10     | Entered Level 10 of the Dungeon
 10325 | D:10     | Reached skill level 5 in Evocations
 10349 | D:10     | Found a staircase to the Lair.
 10396 | D:10     | Found a portal to a secret trove of treasure.
 10750 | D:10     | Noticed Harold
 10763 | D:10     | Killed Harold
 10764 | D:10     | Reached skill level 12 in Axes
 11300 | Lair:1   | Entered Level 1 of the Lair of Beasts
 11354 | Lair:1   | Reached ***** piety under Okawaru
 11489 | Lair:1   | Noticed Gastronok
 11520 | Lair:1   | Killed Gastronok
 11520 | Lair:1   | Identified the +2 pair of gloves "Xalinem" {rElec} (Okawaru
                  | gifted it to you on level 1 of the Lair of Beasts)
 11520 | Lair:1   | Received a gift from Okawaru
 11860 | Lair:1   | Found a transporter.
 11869 | Lair:1   | Noticed a green ugly thing
 11872 | Lair:1   | Noticed a spriggan rider
 11946 | Lair:1   | Noticed a thrashing horror
 11957 | Lair:1   | Found a transporter.
 11961 | Lair:1   | Identified the +0 leather armour of Daijaot {rPois Str+5}
 12458 | Lair:1   | You fall into a shaft and drop 1 floor!
 12504 | Lair:1   | Reached skill level 13 in Axes
 12504 | Lair:1   | Reached skill level 1 in Dodging
 12512 | Lair:1   | Reached skill level 10 in Shields
 12669 | Lair:1   | Reached XP level 12. HP: 89/106 MP: 11/11
 12672 | Lair:1   | Reached skill level 10 in Armour
 12907 | Lair:1   | Reached skill level 10 in Fighting
 13017 | Lair:1   | Found a one-way gate to the infinite horrors of the Abyss.
 13020 | Lair:1   | Noticed LynnLen's ghost (journeyman SpEn)
 13733 | Lair:2   | Identified the scarf "Wybak" {rC+ rF+, Slay+3} (Okawaru
                  | gifted it to you on level 2 of the Lair of Beasts)
 13733 | Lair:2   | Received a gift from Okawaru
 14151 | Lair:2   | Reached skill level 14 in Axes
 14421 | Lair:2   | Found a staircase to the Swamp.
 15209 | Lair:3   | Found a staircase to the Snake Pit.
 15219 | Lair:3   | Reached XP level 13. HP: 115/115 MP: 12/12
 16317 | Lair:4   | Identified the +0 kite shield "Xeodonu" {*Corrode +Blink
                  | Dex+5} (Okawaru gifted it to you on level 4 of the Lair of
                  | Beasts)
 16317 | Lair:4   | Received a gift from Okawaru
 16815 | Lair:4   | Noticed an azure jelly
 16829 | Lair:4   | Killed an azure jelly
 17045 | Lair:4   | Reached skill level 5 in Dodging
 17065 | Lair:4   | Noticed Nessos
 17069 | Lair:4   | Killed Nessos
 17699 | Lair:5   | Entered Level 5 of the Lair of Beasts
 18304 | Lair:5   | Reached skill level 15 in Axes
 18905 | Lair:5   | Found a staircase to the Slime Pits.
 18906 | Lair:5   | Found a viscous altar of Jiyva.
 19050 | Swamp:1  | Entered Level 1 of the Swamp
 19265 | Swamp:1  | Noticed Josephine
 19271 | Swamp:1  | Noticed Frances
 19274 | Swamp:1  | Killed Josephine
 19274 | Swamp:1  | Received a gift from Okawaru
 19287 | Swamp:1  | Slain by Frances

Illustrated notes

Levels and vault maps discovered:
D:1:      wheals_arrival_shading, layout_loops_cross, amcnicky_mini_pool_small,
          item_on_display_a
D:2:      layout_basic, uniq_crazy_yiuf_cottage, uniq_sigmund
D:3:      cheibrodos_fertilizer, layout_loops_ring,
          mainiacjoe_overflow_alcove_1, lemuel_round_altar, serial_glass,
          glass_columns_a, glass_columns_c
D:4:      layout_rooms, gammafunk_temple_overflow_wave,
          nicolae_ru_path_of_blood, minmay_temple_entry_poolview,
          uniq_eustachio, uniq_robin, uniq_ijyb
D:5:      layout_cave_pools, uniq_menkaure, uniq_edmund
D:6:      layout_rooms, led_sif_pool, gammafunk_ghost_stat_death
D:7:      layout_loops_cross, uniq_joseph
D:8:      layout_cave_pools
D:9:      layout_cave_pods, good_gods_temple_1, erik_orc_2, enter_bailey_2,
          minivault_16
D:10:     layout_long_grid, lair_entry_dummy, enter_trove_0, uniq_harold
Temple:   cyrus_circular_temple
Lair:1:   layout_cave_pods, gammafunk_ghost_abyssal_escape, grunt_megastairs_4,
          uniq_gastronok
Lair:2:   layout_gridlike, minmay_swamp_entry_worms
Lair:3:   layout_loops_ring, minmay_snake_entry_six_corridors, serial_forest,
          infiniplex_forest_clump_tiny, infiniplex_forest_end_double,
          infiniplex_forest_lined_corner, infiniplex_forest_zigzag_2,
          st_stairs_10, serial_bayou_crossing
Lair:4:   layout_long_grid, nicolae_lair_time_for_slime, serial_bayou_shore_b,
          serial_bayou_shore_b, uniq_nessos
Lair:5:   hangedman_lair_tendril_chambers, layout_regular_city,
          guppyfry_lair_end_dragon, minmay_slime_entry_eyes, st_stairs_6,
          minivault_25, minmay_lindwurm_lava
Swamp:1:  layout_falls_marsh, evilmike_swamp_ruin_house_1, uniq_frances,
          uniq_josephine

Skill      XL: |  1  2  3  4  5  6  7  8  9 10 11 12 13 |
---------------+----------------------------------------+-----
Axes           | 3 5 6 7 8 10 11 13 14 15 | 15.2
Armour         | 4 5 6 7 9 10 11 | 11.9
Fighting       | 4 5 6 7 8 9 10 11 | 11.8
Shields        | 4 5 6 7 9 10 11 12 | 12.0
Throwing       | 2 4 5 6 7 8 |  8.6
Evocations     | 2 3 4 6 8 |  8.0
Dodging        | 1 4 6 |  6.1

Action                     |  1- 3 |  4- 6 |  7- 9 | 10-12 | 13-15 || total
---------------------------+-------+-------+-------+-------+-------++-------
  Melee: War axe           |    64 |   127 |   281 |    17 |       ||   489
         Headbutt          |     7 |    17 |    44 |    96 |    58 ||   222
         Hand axe          |       |       |       |   421 |   246 ||   667
  Throw: Javelin           |       |       |     6 |    16 |     9 ||    31
         Boomerang         |       |       |     1 |    19 |       ||    20
         Dart              |       |       |       |     9 |     1 ||    10
 Invoke: Heroism           |       |       |     1 |     1 |     2 ||     4
         Finesse           |       |       |       |     1 |     1 ||     2
  Evoke: Wand              |       |       |       |     7 |       ||     7
    Use: Scroll            |       |       |     7 |     2 |     6 ||    15
         Potion            |       |       |     1 |     5 |     5 ||    11
 Armour: Scale mail        |    20 |       |       |       |       ||    20
         Chain mail        |    17 |    64 |   146 |    36 |       ||   263
         Plate armour      |       |       |       |   163 |   100 ||   263
  Dodge: Dodged            |    27 |    39 |    97 |   145 |    77 ||   385
  Block: Buckler           |     9 |    32 |    67 |    18 |       ||   126
         Kite shield       |       |       |       |   225 |   208 ||   433
         Reflection        |       |       |       |       |     5 ||     5
